cohdb
Replays
Latest Replays
All Replays
Popular Replays
Top Player Replays
Match Explorer
How It Works
Community
CoH3 Stats
Reddit
Sign in to upload your games and track your stats! →
Sign in with Steam
Match 41458524
Unlisted
Match 41458524
Overview
Messages
Build Orders
End
Construct Barracks
Engineer Squad
Selects Special Operations Battlegroup
Selects M29 Weasel Recon Vehicle
M29 Weasel Recon Vehicle
Riflemen Squad
Riflemen Squad
Construct Medical Station
Scout Squad
Infantry Support Center
Construct Weapon Support Center
Bazooka Squad
Construct Tank Depot
Selects P-47 Anti-Infantry Loiter
Selects UNKNOWN (2162291)
W
BeerGrills
infernoVenom
Clavis
0
0
Comments
sign in to comment!
No comments posted yet!